 Dungeon Crawl Stone Soup version 0.26-a0-812-g31a745ddcd (webtiles) character file.

Game seed: 6036862608716966835

58 nicanaca0 the Skirmisher (level 3, 0/33 HPs)
             Began as a Palentonga Fighter on Nov 22, 2020.
             Slain by a frilled lizard (2 damage)
             ... on level 3 of the Dungeon.
             The game lasted 00:02:33 (1408 turns).

nicanaca0 the Skirmisher (Palentonga Fighter)       Turns: 1408, Time: 00:02:33

Health: 0/33       AC: 10    Str: 19    XL:     3   Next: 75%
Magic:  3/3        EV:  1    Int:  8    God:
Gold:   124        SH:  8    Dex: 10    Spells: 2/2 levels left

rFire    . . .     SeeInvis +   a - +0 long sword
rCold    . . .     Faith    .   c - +0 kite shield
rNeg     . . .     Spirit   .   e - +0 plate armour
rPois    .         Reflect  .   i - +0 helmet
rElec    .         Harm     .   (no cloak)
rCorr    .         Rampage  .   (no gloves)
MR       .....                  (no barding)
Stlth    ..........             (no amulet)
HPRegen  0.11/turn              (no ring)
MPRegen  0.08/turn              (no ring)

@: mighty
A: large, rugged brown scales 3, see invisible, deformed body, roll, armoured
tail
a: Rolling Charge


You were on level 3 of the Dungeon.
You visited 1 branch of the dungeon, and saw 3 of its levels.

You collected 124 gold pieces.

Inventory:

Hand Weapons
 a - a +0 long sword (weapon)
 b - a +2 hand axe of freezing
Missiles
 q - 38 poisoned darts (quivered)
 s - 7 javelins
Armour
 c - a +0 kite shield (worn)
 e - a +0 plate armour (worn)
 i - a +0 helmet (worn)
Jewellery
 r - an uncursed ring of magical power {unknown}
Scrolls
 f - a scroll of magic mapping {unknown}
 h - a scroll of enchant armour {unknown}
 j - a scroll of identify {unknown}
 k - a scroll of fog {unknown}
 m - a scroll of remove curse {unknown}
Potions
 g - 3 potions of ambrosia {unknown}
 l - a potion of heal wounds {unknown}
 n - a potion of haste {unknown}
 o - a potion of flight {unknown}
 p - 2 potions of lignification {unknown}


   Skills:
 + Level 3.4 Fighting
 * Level 3.0 Long Blades
 + Level 2.7 Armour
 + Level 2.7 Shields


You had 2 spell levels left.
You didn't know any spells.
Your spell library was empty.

Dungeon Overview and Level Annotations

Branches:
Dungeon (3/15)

Altars:

Annotations:
D:3 Sigmund


Innate Abilities, Weirdness & Mutations

You are completely covered in rugged brown scales. (AC +3, +7% HP)
You have supernaturally acute eyesight. (SInv)
Armour fits poorly on your strangely shaped body.
You can roll at foes to attack.
You have a long armoured tail.


Message History

You block the hobgoblin's attack.
The frilled lizard completely misses you.
Your plate armour prevents you from hitting the hobgoblin.
Sigmund hits you from afar with a +0 scythe!
* * * LOW HITPOINT WARNING * * *
The hobgoblin hits you but does no damage.
The frilled lizard bites you but does no damage.
You slash the hobgoblin!
You kill the hobgoblin!
The frilled lizard bites you but does no damage.
The jackal bites you but does no damage.
You block Sigmund's attack. You block the jackal's attack.
You block the jackal's attack.
You see here a spear.
The jackal bites you but does no damage.
You slash the jackal!
You kill the jackal!
The frilled lizard bites you.
You die...

............#
.......<....
$..........#
........[..##
......(.....#
.......@..#.#
......)†.##.##
...##..#K##..#
#.##.l@#<# #..
###...### #..
##....# #.#
#..#..# ..
##....# .#
####[.# #.# ##


You could see a kobold and a frilled lizard.

Vanquished Creatures
  An ooze (D:1)
  A worm (D:2)
  2 dart slugs
  3 bats (D:2)
  A giant cockroach (D:1)
  5 goblins
  9 hobgoblins
  3 jackals (D:3)
  A quokka (D:3)
  2 ball pythons (D:2)
  4 frilled lizards
  6 kobolds
  6 rats
44 creatures vanquished.

Notes
Turn   | Place    | Note
-------+----------+-------------------------------------------
     0 | D:1      | nicanaca0 the Palentonga Fighter began the quest for the
                  | Orb.
     0 | D:1      | Reached XP level 1. HP: 20/20 MP: 1/1
   353 | D:1      | Reached XP level 2. HP: 27/27 MP: 2/2
   909 | D:2      | Reached XP level 3. HP: 33/33 MP: 3/3
  1389 | D:3      | Noticed Sigmund
  1403 | D:3      | HP: 1/33 [Sigmund/+0 scythe (8)]
  1408 | D:3      | Slain by a frilled lizard

Illustrated notes

Levels and vault maps discovered:
D:1:      dpeg_arrival_windows_large_door, layout_loops_corners
D:2:      layout_rooms
D:3:      layout_rooms, tso_oasis_becter, uniq_crazy_yiuf_cottage, uniq_sigmund,
          uniq_natasha

Skill      XL: |  1  2  3 |
---------------+----------+-----
Long Blades    | 3 |  3.0
Fighting       | |  3.4
Armour         | |  2.7
Shields        | |  2.7

Action                   || total
-------------------------++-------
Melee: Long sword        ||   124
       Tailslap          ||     4
  Use: Potion            ||     1
Armor: Plate armour      ||    94
Dodge: Dodged            ||     8
Block: Kite shield       ||    54
       Rpst.: Long sword ||     2

Table legend: (Time is in decaauts)
 A = Elapsed time spent in this place.
 B = Non-inter-level travel time spent in this place.
 C = Inter-level travel time spent in this place.
 D = Time resting spent in this place.
 E = Time spent auto-exploring this place.
 F = Levels seen in this place.
 G = Mean time per level.
                   A        B        C        D        E       F      G
               +--------+--------+--------+--------+--------+-----+--------+
         Total |   1449 |   1403 |     46 |      0 |   1082 |   3 |  483.0 |
       Dungeon |   1449 |   1403 |     46 |      0 |   1082 |   3 |  483.0 |
               +--------+--------+--------+--------+--------+-----+--------+

Top non-repeatable levels by time:
     D:1: 924 daAuts
     D:2: 490 daAuts
     D:3: 34 daAuts
